 Dungeon Crawl Stone Soup version 0.31-a0-329-g52107efa6a (webtiles) character file.

Game seed: 14922459030712742389

2 Ajdolov the Trooper (level 1, -7/11 HPs)
             Began as a Vine Stalker Monk on July 19, 2023.
             Mangled by a goblin
             ... wielding a +1 dagger of electrocution
              (15 damage)
             ... on level 1 of the Dungeon.
             The game lasted 00:00:52 (128 turns).

Ajdolov the Trooper (Vine Stalker Monk)              Turns: 128, Time: 00:00:53

Health: -7/11      AC:  2    Str: 13    XL:     1   Next: 40%
Magic:  0/2        EV: 12    Int: 10    God:
Gold:   10         SH:  0    Dex: 16    Spells: 0/0 levels left

rFire   . . .        a - +0 short sword
rCold   . . .        d - orb {light}
rNeg    . . .        b - +0 robe
rPois   .            (no helmet)
rElec   .            (no cloak)
rCorr   .            (no gloves)
SInv    .            (no boots)
Will    .....        (no amulet)
Stlth   +            (no ring)
HPRegen 0.21/turn    (no ring)
MPRegen 0.08/turn

%: guardian spirit
@: glowing
A: fangs 2, magic shield, antimagic bite, no potion heal 2
a: no special abilities


You were on level 1 of the Dungeon.
You visited 1 branch of the dungeon, and saw 1 of its levels.

You collected 10 gold pieces.

Inventory:

Hand Weapons
 a - a +0 short sword (weapon)
Armour
 b - a +0 robe (worn)
 d - an orb of light (worn)
Potions
 c - a potion of ambrosia
 e - a potion of heal wounds {unknown}


   Skills:
 + Level 2.7 Fighting
 - Level 2.6(2.7) Short Blades
 * Level 0.4(1.7) Long Blades
 - Level 2.4 Dodging


You couldn't memorise any spells.
You didn't know any spells.
Your spell library was empty.

Dungeon Overview and Level Annotations

Branches:
Dungeon (1/15)

Altars:


Innate Abilities, Weirdness & Mutations

You have extremely sharp teeth.
When hurt, damage is shared between your health and your magic reserves.
Your bite disrupts and absorbs the magic of your enemies.
Potions cannot restore your health.


Message History

Found a staircase leading out of the dungeon.
Sorry, you're not good enough to have a special ability.
Unknown command.
You now have 10 gold pieces.
You see here a +1 helmet of see invisible.
A goblin comes into view. It is wielding a +0 club.
Found a robe.
The goblin closely misses you.
You hit the goblin but do no damage. You bite the goblin, but do no damage.
You hit the goblin. You bite the goblin.
You kill the goblin!
No target in view!
A kobold comes into view. It is wielding a +0 dagger.
The kobold shouts!
Found a leather armour.
The kobold hits you with a +0 dagger.
You hit the kobold.
You kill the kobold!
No target in view!
HP restored.
A goblin comes into view. It is wielding a +0 club.
Found a murky ruby potion.
The goblin shouts!
Found 5 poisoned darts.
The goblin hits you with a +0 club.
You closely miss the goblin. Your bite misses the goblin.
The goblin closely misses you.
You hit the goblin.
You kill the goblin!
No target in view!
e - a murky ruby potion
Found a mace.
You see here a +0 robe.
A goblin comes into view.
It is wielding a +1 dagger of electrocution.
The goblin shouts!
The goblin barely misses you.
You hit the goblin but do no damage. You bite the goblin, but do no damage.
The goblin hits you with a +1 dagger of electrocution.
You are electrocuted!
Ouch! That really hurt!
You die...

#≈≈≈≈≈≈≈ #≈≈≈...~ #≈....≈≈
### # #≈....(. ##.# .#
#≈≈≈.(<. ..# .. #≈≈.....
#.# .#.#. ###.....
##.##....#.#........
#..@g..#.#...######.
#..##.##..... #.....
#..##.......###.#.##
#.#......#.#........#
#[##.#...#..#.###.#[# P##
#...[.............#.#
...##..#.....#..####..#.##
PP.........#....#.....#...
..♣.
P♣....#.#.#....#.#.......


You could see a goblin.

Vanquished Creatures
  2 goblins (D:1)
  A kobold (D:1)
3 creatures vanquished.

Notes
Turn   | Place    | Note
-------+----------+-------------------------------------------
     0 | D:1      | Ajdolov the Vine Stalker Monk began the quest for the Orb.
     0 | D:1      | Reached XP level 1. HP: 11/11 MP: 2/2
   128 | D:1      | Mangled by a goblin

Illustrated notes

Levels and vault maps discovered:
D:1:      dpeg_arrival_pond, layout_basic, serial_forest,
          infiniplex_forest_straight_3, infiniplex_forest_clump_curved,
          infiniplex_forest_join, infiniplex_forest_clump_curved,
          infiniplex_forest_clump_tiny, infiniplex_forest_straight_1

Action                     || total
---------------------------++-------
  Melee: Short sword       ||     6
         Bite              ||     3
  Dodge: Dodged            ||     3

Table legend: (Time is in decaauts)
 A = Elapsed time spent in this place.
 B = Non-inter-level travel time spent in this place.
 C = Inter-level travel time spent in this place.
 D = Time resting spent in this place.
 E = Time spent auto-exploring this place.
 F = Levels seen in this place.
 G = Mean time per level.
                   A        B        C        D        E       F      G
               +--------+--------+--------+--------+--------+-----+--------+
         Total |    127 |    127 |      0 |      0 |     90 |   1 |  127.0 |
       Dungeon |    127 |    127 |      0 |      0 |     90 |   1 |  127.0 |
               +--------+--------+--------+--------+--------+-----+--------+

Top non-repeatable levels by time:
     D:1: 127 daAuts
